 Dungeon Crawl Stone Soup version 0.28.0-53-g5a82cb258f (webtiles) character file.

Game seed: 4097415935415679949

177 firemarshallily the Slasher (level 5, -2/42 HPs)
             Began as a Demonspawn Gladiator on June 10, 2022.
             Was an Initiate of Qazlal.
             Slain by an orc priest
             ... wielding a +0 morningstar
              (10 damage)
             ... on level 3 of the Dungeon.
             The game lasted 00:08:01 (2827 turns).

firemarshallily the Slasher (Demonspawn Gladiator)  Turns: 2827, Time: 00:08:02

Health: -2/42      AC:  4    Str: 17    XL:     5   Next: 30%
Magic:  5/5        EV: 12    Int:  9    God:    Qazlal [......]
Gold:   80         SH:  0    Dex: 14    Spells: 4/4 levels left

rFire   . . .      SeeInvis .   a - +0 long sword
rCold   . . .      Faith    .   (no shield)
rNeg    . . .      Spirit   .   b - +0 leather armour
rPois   .          Reflect  .   c - +0 helmet
rElec   .          Harm     .   (no cloak)
rCorr   .          Rampage  .   (no gloves)
Will    +....                   (no boots)
Stlth   +.........              (no amulet)
HPRegen 0.14/turn               l - ring of willpower
MPRegen 0.09/turn               (no ring)

@: no status effects
A: powered by pain 1, weakness stinger 2
a: Renounce Religion


You were on level 3 of the Dungeon.
You worshipped Qazlal.
Qazlal was noncommittal.
You visited 1 branch of the dungeon, and saw 3 of its levels.

You collected 80 gold pieces.

Inventory:

Hand Weapons
 a - a +0 long sword (weapon)
Missiles
 d - 3 throwing nets
 f - 26 stones
 h - 7 poisoned darts (quivered)
Armour
 b - a +0 leather armour (worn)
 c - a +0 helmet (worn)
 g - a +0 ring mail
Jewellery
 l - a ring of willpower (left hand)
Potions
 e - a potion of heal wounds
 i - a potion of resistance {unknown}
 j - a potion of berserk rage {unknown}
 k - a potion of lignification {unknown}


   Skills:
 * Level 4.0 Fighting
 * Level 4.1 Long Blades
 - Level 2.0 Throwing
 - Level 3.0 Dodging


You had 4 spell levels left.
You didn't know any spells.
Your spell library contained the following spells:

 Spells                   Type           Power      Damage    Failure   Level
 Ignite Poison            Fire/Tmut/Pois 0%         N/A       83%         3
 Mephitic Cloud           Conj/Pois/Air  0%         N/A       83%         3
 Freezing Cloud           Conj/Ice/Air   0%         6-21      100%        5


Dungeon Overview and Level Annotations

Branches:
Dungeon (3/15)

Altars:
Qazlal

Annotations:
D:2 Sigmund


Innate Abilities, Weirdness & Mutations

You sometimes gain a little power by taking damage.
You have a tail ending in a sharp stinger.


Message History

You barely miss the orc wizard. You tail-slap the orc wizard.
The orc wizard is lightly wounded.
The orc wizard closely misses you.
The orc priest calls upon Beogh to heal the orc wizard.
The orc wizard's wounds heal themselves!
You completely miss the orc wizard.
The orc wizard points at you and mumbles some strange words.
The puff of flame misses you.
You hit the orc wizard.
The orc wizard is moderately wounded.
The orc wizard mumbles some strange words.
The orc wizard flickers and vanishes!
Deactivating autopickup; reactivate with Ctrl-A.
Something hits you.
You convulse.
You hit something.
Your tail-slap misses something.
An orc comes into view. It is wielding a +0 short sword.
You hear some strange, mumbled words.
A puff of flame appears from out of thin air!
The puff of flame hits you!
The orc shouts!
You barely miss the orc priest.
The orc priest hits you but does no damage.
Something barely misses you.
You hit the orc priest but do no damage.
The orc priest barely misses you. Something completely misses you.
You hit the orc priest.
The orc priest is lightly wounded.
Something barely misses you. The orc priest closely misses you.
You hit the orc priest.
The orc priest is heavily wounded.
Something hits you but does no damage. The orc closely misses you.
The orc priest hits you with a +0 morningstar.
Something hits you.
You convulse.
You hit the orc priest but do no damage.
Your tail-slap misses the orc priest.
The orc priest is heavily wounded.
The orc hits you with a +0 short sword.
* * * LOW HITPOINT WARNING * * *
The orc priest hits you with a +0 morningstar!
You die...

.. #.# #. .. #. #.#
#. #.. #. #. #. ###
### ### ####.
#.##)###.###.###.###
#.o@#)#.#.#.#.#.#.#.
#..o#.#.#.#.#.#.#.#.
#.####.###.###.###.#
#. ### ### ### ###
#. .. ## .. ##


You could see an orc priest and an orc.

Vanquished Creatures
  A hound (D:3)
  4 gnolls (D:3)
  3 adders
  3 worms
  6 dart slugs
  An orc (D:3)
  6 bats
  2 endoplasms (D:1)
  4 giant cockroaches
  2 goblins
  9 hobgoblins
  7 kobolds
  2 quokkas
  6 ball pythons
  2 frilled lizards
  6 rats
64 creatures vanquished.

Notes
Turn   | Place    | Note
-------+----------+-------------------------------------------
     0 | D:1      | firemarshallily the Demonspawn Gladiator began the quest
                  | for the Orb.
     0 | D:1      | Reached XP level 1. HP: 16/16 MP: 1/1
   371 | D:1      | Gained mutation: You have a small tail. [demonic ancestry]
   371 | D:1      | Reached XP level 2. HP: 17/22 MP: 2/2
   841 | D:1      | Gained mutation: You sometimes gain a little power by
                  | taking damage. [demonic ancestry]
   841 | D:1      | Reached XP level 3. HP: 24/28 MP: 3/3
  1846 | D:2      | Gained mutation: You have a tail ending in a sharp stinger.
                  | [demonic ancestry]
  1846 | D:2      | Reached XP level 4. HP: 31/35 MP: 4/4
  1944 | D:2      | Noticed Sigmund
  2588 | D:3      | Found a stormy altar of Qazlal.
  2593 | D:3      | Became a worshipper of Qazlal Stormbringer
  2795 | D:3      | Reached XP level 5. HP: 26/42 MP: 5/5
  2806 | D:3      | HP: 1/42 [orc/+0 mace (5)]
  2827 | D:3      | Slain by an orc priest

Illustrated notes

Levels and vault maps discovered:
D:1:      lemuel_arrival_behind_the_door_small, layout_loops_ring
D:2:      layout_loops_ring, uniq_sigmund
D:3:      layout_basic, grunt_qazlal_clouds, grunt_decor_resistance,
          lemuel_old_faithful

Skill      XL: |  1  2  3  4  5 |
---------------+----------------+-----
Long Blades    | 3 4 |  4.1
Throwing       | 2 |  2.0
Dodging        | 3 |  3.0
Fighting       | 3 4 |  4.0

Action                   |  1- 3 |  4- 6 || total
-------------------------+-------+-------++-------
Melee: Long sword        |   102 |    72 ||   174
       Tailslap          |     6 |     7 ||    13
       Punch             |     1 |     1 ||     2
  Use: Scroll            |     1 |     2 ||     3
       Potion            |       |     2 ||     2
 Stab: Sleeping          |     2 |     3 ||     5
Armor: Leather armour    |    18 |     9 ||    27
Dodge: Dodged            |    62 |    52 ||   114
